SA
NEBRASKA PLAINSMEN @ SYRACUSE STORM
07/03/2034
 
TOP OF THE 1ST
Nebraska Plainsmen batting - Pitching for Syracuse Storm : LHP Kohei Nishikawa
Pitching: LHP Kohei Nishikawa
Batting: RHB Tomas van Noord 0-0: SINGLE (Groundball, 56D)
Batting: RHB José Díaz 0-0: Foul Ball, location: 2F
0-1: Foul Ball, location: 2F
0-2: Ball
1-2: Ball
2-2: Ball
3-2: Strikes out swinging
Batting: SHB Alejandro Arizméndiz 0-0: Ball
1-0: Ball
2-0: Grounds into double play, 5-4-3 (Groundball, 56)
Top of the 1st over - 0 runs, 1 hit, 0 errors, 0 left on base; Nebraska 0 - Syracuse 0
BOTTOM OF THE 1ST
Syracuse Storm batting - Pitching for Nebraska Plainsmen : RHP Luis Hernández
Pitching: RHP Luis Hernández
Batting: SHB Franck Kooijmans 0-0: Called Strike
0-1: Fly out, F7 (Flyball, 78M)
Batting: RHB Dave Maxwell 0-0: Ground out 5-3 (Groundball, 56)
Batting: LHB Tom Burton 0-0: Ball
1-0: Swinging Strike
1-1: Ball
2-1: SINGLE (Groundball, 4MD)
Batting: RHB Dale Goodman 0-0: Ball
1-0: Foul Ball, location: 2F
1-1: Fly out, F7 (Flyball, 78D)
Bottom of the 1st over - 0 runs, 1 hit, 0 errors, 1 left on base; Nebraska 0 - Syracuse 0
TOP OF THE 2ND
Nebraska Plainsmen batting - Pitching for Syracuse Storm : LHP Kohei Nishikawa
Batting: RHB Adam Jensson 0-0: Ball
1-0: Ball
2-0: Swinging Strike
2-1: Swinging Strike
2-2: Strikes out looking
Batting: RHB Manuel Sy 0-0: Ball
1-0: Called Strike
1-1: Called Strike
1-2: Foul Ball, location: 2F
1-2: Foul Ball, location: 2F
1-2: Foul Ball, location: 2F
1-2: Ball
2-2: Ground out U3 (Groundball, 3)
Batting: RHB Johnny Young 0-0: Ball
1-0: Ball
2-0: Called Strike
2-1: Fly out, F9 (Flyball, 89M)
Top of the 2nd over - 0 runs, 0 hits, 0 errors, 0 left on base; Nebraska 0 - Syracuse 0
BOTTOM OF THE 2ND
Syracuse Storm batting - Pitching for Nebraska Plainsmen : RHP Luis Hernández
Batting: LHB Seung-min Sin 0-0: Ball
1-0: Foul Ball, location: 2F
1-1: Ground out 6-3 (Groundball, 6)
Batting: RHB Sadakuno Hashimoto 0-0: Ground out 5-3 (Groundball, 5)
Batting: RHB Adrián Medina 0-0: Ball
1-0: Ball
2-0: Swinging Strike
2-1: Called Strike
2-2: DOUBLE (Line Drive, 7LS)
Batting: RHB Miguel Román 0-0: Called Strike
0-1: Ground out 6-3 (Groundball, 6)
Bottom of the 2nd over - 0 runs, 1 hit, 0 errors, 1 left on base; Nebraska 0 - Syracuse 0
TOP OF THE 3RD
Nebraska Plainsmen batting - Pitching for Syracuse Storm : LHP Kohei Nishikawa
Batting: RHB Modesto Barreiro 0-0: Ball
1-0: Called Strike
1-1: Ball
2-1: Foul Ball, location: 2F
2-2: Ball
3-2: Fly out, F8 (Flyball, 8LD)
Batting: RHB Bill Reynolds 0-0: Ball
1-0: Called Strike
1-1: Foul Ball, location: 2F
1-2: Strikes out swinging
Batting: RHB Greg Kelly 0-0: Ball
1-0: Ground out U3 (Groundball, 3L)
Top of the 3rd over - 0 runs, 0 hits, 0 errors, 0 left on base; Nebraska 0 - Syracuse 0
BOTTOM OF THE 3RD
Syracuse Storm batting - Pitching for Nebraska Plainsmen : RHP Luis Hernández
Batting: RHB Nelson Morán 0-0: Ball
1-0: Reached on error, E6 (Popup, 6S)
Batting: SHB Franck Kooijmans 0-0: Hit by Pitch
Nelson Morán to second
Batting: RHB Dave Maxwell 0-0: Ball
1-0: Ball
2-0: 3-RUN HOME RUN (Flyball, 7LD), Distance : 350 ft
Batting: LHB Tom Burton 0-0: Called Strike
0-1: Fly out, F8 (Flyball, 8LM)
Batting: RHB Dale Goodman 0-0: Ball
1-0: Ball
2-0: Ball
3-0: Base on Balls
Batting: LHB Seung-min Sin 0-0: Ball
1-0: Fly out, F5 (Line Drive, 56)
Batting: RHB Sadakuno Hashimoto 0-0: Ball
1-0: Foul Ball, location: 2F
1-1: Foul Ball, location: 2F
1-2: Ball
2-2: Strikes out swinging
Bottom of the 3rd over - 3 runs, 1 hit, 1 error, 1 left on base; Nebraska 0 - Syracuse 3
TOP OF THE 4TH
Nebraska Plainsmen batting - Pitching for Syracuse Storm : LHP Kohei Nishikawa
Batting: RHB Tomas van Noord 0-0: Ball
1-0: Called Strike
1-1: Swinging Strike
1-2: Foul Ball, location: 2F
1-2: Strikes out swinging
Batting: RHB José Díaz 0-0: Called Strike
0-1: Called Strike
0-2: Ball
1-2: Strikes out looking
Batting: SHB Alejandro Arizméndiz 0-0: SINGLE (Line Drive, 8RS)
Batting: RHB Adam Jensson 0-0: Fly out, F8 (Flyball, 78D)
Top of the 4th over - 0 runs, 1 hit, 0 errors, 1 left on base; Nebraska 0 - Syracuse 3
BOTTOM OF THE 4TH
Syracuse Storm batting - Pitching for Nebraska Plainsmen : RHP Luis Hernández
Batting: RHB Adrián Medina 0-0: Ball
1-0: Fly out, F8 (Flyball, 8RS)
Batting: RHB Miguel Román 0-0: Called Strike
0-1: Ball
1-1: Ball
2-1: Reached on error, E6 (Groundball, 6)
Batting: RHB Nelson Morán 0-0: Called Strike
0-1: Foul Ball, location: 2F
0-2: Ball
1-2: Fly out, F8 (Flyball, 8RD)
Runner from 1st tags up, SAFE at 2nd
Batting: SHB Franck Kooijmans 0-0: Ball
1-0: Called Strike
1-1: Ball
2-1: Ball
3-1: Foul Ball, location: 2F
3-2: Fly out, F8 (Line Drive, 8LM)
Bottom of the 4th over - 0 runs, 0 hits, 1 error, 1 left on base; Nebraska 0 - Syracuse 3
TOP OF THE 5TH
Nebraska Plainsmen batting - Pitching for Syracuse Storm : LHP Kohei Nishikawa
Batting: RHB Manuel Sy 0-0: Foul Ball, location: 2F
0-1: Ball
1-1: Ball
2-1: Ball
3-1: Base on Balls
Batting: RHB Johnny Young 0-0: Ball
Wild Pitch!
Manuel Sy to second
1-0: Ground out U3 (Groundball, 3)
Manuel Sy to third
Batting: RHB Modesto Barreiro 0-0: Foul Ball, location: 2F
0-1: Ball
1-1: Called Strike
1-2: SINGLE (Line Drive, 78S)
Manuel Sy scores
Batting: RHB Bill Reynolds 0-0: Ball
1-0: DOUBLE (Flyball, 8LXD)
Modesto Barreiro to third
Batting: RHB Greg Kelly 0-0: Ball
1-0: Foul Ball, location: 2F
1-1: Swinging Strike
1-2: Foul Ball, location: 2F
1-2: Ball
2-2: Strikes out looking
Batting: RHB Tomas van Noord 0-0: Ball
1-0: Called Strike
1-1: Ground out 4-3 (Groundball, 4)
Top of the 5th over - 1 run, 2 hits, 0 errors, 2 left on base; Nebraska 1 - Syracuse 3
BOTTOM OF THE 5TH
Syracuse Storm batting - Pitching for Nebraska Plainsmen : RHP Luis Hernández
Batting: RHB Dave Maxwell 0-0: Hit by Pitch
Batting: LHB Tom Burton 0-0: Called Strike
0-1: Reached on error, E5 (Groundball, 56)
Dave Maxwell to second
Batting: RHB Dale Goodman 0-0: Ball
1-0: Ball
2-0: Called Strike
2-1: SINGLE (Flyball, 9LM)
Dave Maxwell to third
Tom Burton to second
Batting: LHB Seung-min Sin 0-0: Called Strike
0-1: Ball
1-1: Ball
2-1: Ball
3-1: Swinging Strike
3-2: Foul Ball, location: 2F
3-2: Strikes out looking
Batting: RHB Sadakuno Hashimoto 0-0: Ball
1-0: Called Strike
1-1: Foul Ball, location: 2F
1-2: Ball
2-2: Foul Ball, location: 2F
2-2: Foul Ball, location: 2F
2-2: Ball
3-2: Foul Ball, location: 2F
3-2: Fly out, F8 (Flyball, 8RD)
Runner from 3rd tags up, SCORES, throw made
Batting: RHB Adrián Medina 0-0: Ball
1-0: Swinging Strike
1-1: Called Strike
1-2: Fly out, F7 (Line Drive, 7)
Bottom of the 5th over - 1 run, 1 hit, 1 error, 2 left on base; Nebraska 1 - Syracuse 4
TOP OF THE 6TH
Nebraska Plainsmen batting - Pitching for Syracuse Storm : LHP Kohei Nishikawa
Batting: RHB José Díaz 0-0: Called Strike
0-1: Called Strike
0-2: Strikes out swinging
Batting: SHB Alejandro Arizméndiz 0-0: Ball
1-0: Foul Ball, location: 2F
1-1: Ball
2-1: Ball
3-1: Foul Ball, location: 2F
3-2: Fly out, F1 (Popup, P)
Batting: RHB Adam Jensson 0-0: Called Strike
0-1: SINGLE (Line Drive, 9S)
Batting: RHB Manuel Sy 0-0: Ball
1-0: Called Strike
Adam Jensson steals 2nd base
1-1: Ground out 4-3 (Groundball, 34)
Top of the 6th over - 0 runs, 1 hit, 0 errors, 1 left on base; Nebraska 1 - Syracuse 4
BOTTOM OF THE 6TH
Syracuse Storm batting - Pitching for Nebraska Plainsmen : RHP Luis Hernández
Batting: RHB Miguel Román 0-0: Ball
1-0: Foul Ball, location: 2F
1-1: Swinging Strike
1-2: SINGLE (Flyball, 78S)
Batting: RHB Nelson Morán 0-0: Sac Bunt - play at first, batter OUT! 1-3
Miguel Román to second
Batting: SHB Franck Kooijmans 0-0: Foul Ball, location: 2F
0-1: Foul Ball, location: 2F
0-2: Ball
1-2: Foul Ball, location: 2F
1-2: Ground out 6-3 (Groundball, 56D)
Batting: RHB Dave Maxwell 0-0: Called Strike
0-1: Swinging Strike
0-2: Foul Ball, location: 2F
0-2: Ball
1-2: Ball
2-2: Foul Ball, location: 2F
2-2: Strikes out swinging
Bottom of the 6th over - 0 runs, 1 hit, 0 errors, 1 left on base; Nebraska 1 - Syracuse 4
TOP OF THE 7TH
Nebraska Plainsmen batting - Pitching for Syracuse Storm : LHP Kohei Nishikawa
Batting: RHB Johnny Young 0-0: Ball
1-0: Foul Ball, location: 2F
1-1: Ball
2-1: Called Strike
2-2: Strikes out looking
Batting: RHB Modesto Barreiro 0-0: Ball
1-0: Called Strike
1-1: Ball
2-1: Swinging Strike
2-2: Strikes out swinging
Batting: RHB Bill Reynolds 0-0: SOLO HOME RUN (Flyball, 7D), Distance : 401 ft
Batting: RHB Greg Kelly 0-0: Foul Ball, location: 2F
0-1: Foul Ball, location: 2F
0-2: Ball
1-2: SINGLE (Line Drive, 7LS)
Batting: RHB Tomas van Noord 0-0: Ball
1-0: Fly out, F7 (Flyball, 78M)
Top of the 7th over - 1 run, 2 hits, 0 errors, 1 left on base; Nebraska 2 - Syracuse 4
BOTTOM OF THE 7TH
Syracuse Storm batting - Pitching for Nebraska Plainsmen : RHP Luis Hernández
Batting: LHB Tom Burton 0-0: Ball
1-0: Called Strike
1-1: Ball
2-1: Ball
3-1: Base on Balls
Pitching: RHP Darrell Bouwhuis
Batting: RHB Dale Goodman 0-0: Ball
1-0: SINGLE (Line Drive, 7S)
Tom Burton to second
Batting: LHB Seung-min Sin 0-0: Ball
1-0: Foul Ball, location: 2F
1-1: Ball
2-1: Ball
3-1: Base on Balls
Tom Burton to third
Dale Goodman to second
Batting: RHB Sadakuno Hashimoto 0-0: Swinging Strike
0-1: Ball
1-1: Ball
2-1: Called Strike
2-2: Foul Ball, location: 2F
2-2: SINGLE (Flyball, 78S)
Tom Burton scores
Dale Goodman to third
Seung-min Sin to second
Runner from 3rd tries for Home, SAFE, no throw
Batting: RHB Adrián Medina 0-0: Bunt missed!
0-1: Ball
1-1: Sac Bunt - play at third, runner OUT! 1-5
Sadakuno Hashimoto to second
Batting: RHB Miguel Román 0-0: Ball
1-0: Swinging Strike
1-1: Ball
2-1: Ball
3-1: Called Strike
3-2: Strikes out swinging
Batting: RHB Nelson Morán 0-0: Swinging Strike
0-1: Ball
1-1: Foul Ball, location: 2F
1-2: Strikes out swinging wild pitch, reaches first!
Sadakuno Hashimoto to third
Adrián Medina to second
Batting: SHB Franck Kooijmans 0-0: Ball
1-0: Foul Ball, location: 2F
1-1: Fly out, F1 (Line Drive, 15)
Bottom of the 7th over - 2 runs, 2 hits, 0 errors, 3 left on base; Nebraska 2 - Syracuse 6
TOP OF THE 8TH
Nebraska Plainsmen batting - Pitching for Syracuse Storm : LHP Kohei Nishikawa
Batting: RHB José Díaz 0-0: Ball
1-0: Ball
2-0: Fly out, F7 (Flyball, 7S)
Batting: SHB Alejandro Arizméndiz 0-0: Ball
1-0: Ground out 5-3 (Groundball, 5)
Batting: RHB Adam Jensson 0-0: Called Strike
0-1: Ball
1-1: Foul Ball, location: 2F
1-2: Ball
2-2: Foul Ball, location: 2F
2-2: SINGLE (Line Drive, 4)
Pitching: LHP Harris Hopkins
Batting: RHB Manuel Sy 0-0: Ball
1-0: Ball
2-0: Foul Ball, location: 2F
2-1: Foul Ball, location: 2F
2-2: Foul Ball, location: 2F
2-2: Ball
3-2: Foul Ball, location: 2F
3-2: Base on Balls
Adam Jensson to second
Batting: RHB Johnny Young 0-0: Ball
1-0: Foul Ball, location: 2F
1-1: Called Strike
1-2: Strikes out swinging
Top of the 8th over - 0 runs, 1 hit, 0 errors, 2 left on base; Nebraska 2 - Syracuse 6
BOTTOM OF THE 8TH
Syracuse Storm batting - Pitching for Nebraska Plainsmen : RHP Darrell Bouwhuis
Batting: RHB Dave Maxwell 0-0: Called Strike
0-1: Called Strike
0-2: Ball
1-2: Ball
2-2: Foul Ball, location: 2F
2-2: Ball
3-2: Ground out 6-3 (Groundball, 6)
Batting: LHB Tom Burton 0-0: Foul Ball, location: 2F
0-1: SINGLE (Flyball, 7S)
Batting: RHB Dale Goodman 0-0: Ball
1-0: Called Strike
Tom Burton steals 2nd base
1-1: Ball
2-1: Foul Ball, location: 2F
2-2: Strikes out looking
Batting: LHB Seung-min Sin 0-0: Called Strike
0-1: Ball
1-1: SINGLE (Line Drive, 7LS)
Tom Burton to third
Batting: RHB Sadakuno Hashimoto 0-0: Fly out, F8 (Flyball, 8LM)
Bottom of the 8th over - 0 runs, 2 hits, 0 errors, 2 left on base; Nebraska 2 - Syracuse 6
TOP OF THE 9TH
Nebraska Plainsmen batting - Pitching for Syracuse Storm : LHP Harris Hopkins
Batting: RHB Modesto Barreiro 0-0: Called Strike
0-1: Ball
1-1: Called Strike
1-2: Ball
2-2: Foul Ball, location: 2F
2-2: Ground out 6-3 (Groundball, 6MD)
Batting: RHB Bill Reynolds 0-0: Called Strike
0-1: Ball
1-1: Foul Ball, location: 2F
1-2: Strikes out swinging
Batting: RHB Greg Kelly 0-0: Called Strike
0-1: Ground out 6-3 (Groundball, 6M)
Top of the 9th over - 0 runs, 0 hits, 0 errors, 0 left on base; Nebraska 2 - Syracuse 6
Friday, March 29th, 2019 - OOTP Baseball 18.8 Build 76